 Dungeon Crawl Stone Soup version 0.27.0-1-g7a089689b8 (webtiles) character file.

Game seed: 846582255245060543

806 Thatpatchoflichen the Changer (level 7, 0/59 HPs)
             Began as a Pale Draconian Transmuter on Aug 6, 2021.
             Succumbed to a scorpion's poison
             ... on level 6 of the Dungeon.
             The game lasted 00:33:11 (7341 turns).

Thatpatchoflichen the Changer (DrTm)                Turns: 7341, Time: 00:33:11

Health: 0/59       AC:  7    Str: 13    XL:     7   Next: 60%
Magic:  8/10       EV: 18    Int: 15    God:
Gold:   183        SH:  0    Dex: 17    Spells: 7/10 levels left

rFire    . . .     SeeInvis .   o - +0 short sword (vamp)
rCold    . . .     Faith    .   (no shield)
rNeg     . . .     Spirit   .   (armour unavailable)
rPois    .         Reflect  .   (helmet currently unavailable)
rElec    .         Harm     .   (no cloak)
rCorr    .         Rampage  .   C - +0 pair of gloves
Will     .....                  (boots currently unavailable)
Stlth    ++........             (no amulet)
HPRegen  0.19/turn              f - +6 ring of dexterity
MPRegen  0.12/turn              h - +4 ring of evasion

@: lethally poisoned (0 -> -10), appendages, wereblooded
A: horns 2, talons 2, breathe steam, AC +6, unfitting armour, cold-blooded,
steam resistance
a: Breathe Steam, End Transformation


You were on level 6 of the Dungeon.
You had temporarily grown beastly horns and talons.
You visited 1 branch of the dungeon, and saw 7 of its levels.

You collected 183 gold pieces.

Inventory:

Hand Weapons
 a - a +1 hand axe of freezing
 o - a +0 vampiric short sword (weapon)
 u - a +0 whip of electrocution
 y - a +6 whip
Missiles
 c - 28 bolts
 d - 33 arrows
 e - 2 curare-tipped darts
 s - 4 boomerangs
 v - 5 poisoned darts
 z - 25 sling bullets
Armour
 C - a +0 pair of gloves (worn)
Jewellery
 f - a +6 ring of dexterity (left hand)
 h - a +4 ring of evasion (right hand)
 t - a ring of ice
Wands
 p - a wand of acid (8)
Scrolls
 b - a scroll of vulnerability {unknown}
 k - 2 scrolls of fear {unknown}
 l - a scroll of noise {unknown}
 m - a scroll of enchant weapon {unknown}
 n - a scroll of magic mapping {unknown}
 w - a scroll of teleportation {unknown}
 x - a scroll of immolation {unknown}
 B - a scroll of identify
Potions
 g - a potion of invisibility
 i - 2 potions of attraction
 j - a potion of cancellation
 q - a potion of might
 A - a potion of magic
 D - a potion of haste {unknown}
Miscellaneous
 r - a piece from Xom's chessboard (14/15)


   Skills:
 - Level 4.0 Fighting
 - Level 4.0 Dodging
 - Level 4.0 Unarmed Combat
 - Level 2.0 Spellcasting
 + Level 5.7 Transmutations
 + Level 2.4 Ice Magic


You had 7 spell levels left.
You knew the following spells:

 Your Spells              Type           Power      Damage    Failure   Level
a - Beastly Appendage     Tmut           36%        N/A       1%          1
b - Wereblood             Tmut           18%        N/A       3%          2

Your spell library contained the following spells:

 Spells                   Type           Power      Damage    Failure   Level
 Spider Form              Tmut/Pois      5%         N/A       21%         3
 Pain                     Necr           4%         1d4       22%         1
 Summon Small Mammal      Summ           4%         N/A       22%         1
 Ice Form                 Ice/Tmut       13%        N/A       38%         4
 Call Canine Familiar     Summ           1%         N/A       54%         3
 Summon Guardian Golem    Hex/Summ       1%         N/A       54%         3
 Tukima's Dance           Hex            1%         N/A       54%         3
 Yara's Violent Unravell  Hex/Tmut       5%         3d4       88%         5
 Passage of Golubria      Tloc           N/A        N/A       91%         4
 Agony                    Necr           1%         N/A       99%         5
 Excruciating Wounds      Necr           0%         N/A       99%         5


Dungeon Overview and Level Annotations

Branches:
Dungeon (7/15)
 Temple: D:4-7

Altars:
Elyvilon
Ru
Xom


Innate Abilities, Weirdness & Mutations

You have temporarily grown beastly horns and talons.
You can breathe blasts of scalding, opaque steam.
Your pale cyan-grey scales are hard. (AC +6)
You cannot fit into any form of body armour.
You are cold-blooded and may be slowed by cold attacks.
You are immune to the effects of steam.


Message History

The scorpion is moderately wounded.
You feel very sick. The scorpion completely misses you.
You hit the scorpion but do no damage.
You claw the scorpion, but do no damage.
The scorpion is moderately wounded.
You feel very sick. The scorpion closely misses you.
Unknown command.
You completely miss the scorpion.
You claw the scorpion, but do no damage.
The scorpion is moderately wounded.
You feel very sick. The scorpion stings you.
You hit the scorpion.
The scorpion is moderately wounded.
You feel very sick. The scorpion stings you!
* * * LOW HITPOINT WARNING * * *
You are lethally poisoned!
The scorpion poisons you! The scorpion misses you.
You barely miss the scorpion. Your headbutt misses the scorpion.
The scorpion is moderately wounded.
* * * LOW HITPOINT WARNING * * *
You feel very sick. The scorpion misses you.
You hit the scorpion.
You feel better.
Your kick misses the scorpion. You headbutt the scorpion!
The scorpion is almost dead.
* * * LOW HITPOINT WARNING * * *
You feel very sick. The scorpion closely misses you.
You hit the scorpion.
You feel better.
You feel a bit better.
You kill the scorpion!
* * * LOW HITPOINT WARNING * * *
You feel very sick.
Training target 4.0 for Dodging reached!
Your Dodging skill increases to level 4!
You make a move on Xom's chessboard...
Nothing appears to happen.
You die...

#.#..## #.# ###
####.#...## #.# ###.###
.##..##...## #.##
####.....## .....###.[.###
#..####.......... #...##
#.....####..#.....###....#
##..## #..............####
##...#
##..####...........###
#...# #..##.............#
#...# #.............@#..##
#..## #............###...#
#..# ..............##
##..## #..#
.............## #...#
##..# .......##....#
##>.## #..##
####..###....# #...# #..#
##.# #....# #...#####..#
### ##.... ##.........##
...# ##..........##


There were no monsters in sight!

Vanquished Creatures
  A black bear (D:5)
  Blork the orc (D:4)
  3 scorpions
  A water moccasin skeleton (D:4)
  A hound (D:4)
  2 iguanas (D:4)
  2 orc wizards (D:4)
  A hound skeleton (D:4)
  A howler monkey zombie (D:5)
  7 adders
  8 gnolls
  3 worms
  2 dart slugs
  19 orcs
  5 endoplasms
  8 goblins
  6 hobgoblins
  12 jackals
  8 kobolds
  A quokka (D:4)
  6 ball pythons
  6 bats
  4 frilled lizards
  2 rats
110 creatures vanquished.

Vanquished Creatures (others)
  4 plants (D:4)
4 creatures vanquished.

Grand Total: 114 creatures vanquished

Notes
Turn   | Place    | Note
-------+----------+-------------------------------------------
     0 | D:1      | Thatpatchoflichen the Draconian Transmuter began the quest
                  | for the Orb.
     0 | D:1      | Reached XP level 1. HP: 16/16 MP: 3/3
   166 | D:2      | Reached XP level 2. HP: 13/23 MP: 3/5
   377 | D:1      | Reached skill level 3 in Transmutations
  1163 | D:2      | Learned a level 2 spell: Wereblood
  1404 | D:3      | Reached XP level 3. HP: 28/28 MP: 6/6
  1695 | D:2      | HP: 1/28 [poisoned by an adder]
  1705 | D:2      | Reached skill level 4 in Transmutations
  2184 | D:2      | Found a faded altar of an unknown god.
  2619 | D:3      | Reached XP level 4. HP: 11/35 MP: 7/7
  3232 | D:3      | Noticed a scorpion
  3259 | D:3      | Killed a scorpion
  3260 | D:3      | Reached XP level 5. HP: 17/41 MP: 3/8
  3779 | D:4      | Noticed Blork the orc
  3794 | D:4      | Killed Blork the orc
  4078 | D:4      | Reached XP level 6. HP: 49/49 MP: 6/9
  4105 | D:4      | Reached skill level 1 in Ice Magic
  4535 | D:4      | Found a sacrificial altar of Ru.
  4880 | D:5      | Entered Level 5 of the Dungeon
  5239 | D:4      | Found a white marble altar of Elyvilon.
  5664 | D:5      | Reached skill level 5 in Transmutations
  6027 | D:5      | Your scales start taking on a pale cyan-grey colour.
  6027 | D:5      | Reached XP level 7. HP: 35/57 MP: 8/10
  6027 | D:5      | Gained mutation: You are immune to the effects of steam.
                  | [Pale Draconian growth]
  6504 | D:5      | Found a shimmering altar of Xom.
  6630 | D:6      | Noticed a wyvern
  7341 | D:6      | Succumbed to a scorpion's poison

Illustrated notes

Levels and vault maps discovered:
D:1:      lightli_arrival_noodles, layout_basic
D:2:      layout_basic, shapermc_ecumenical_altar_mp_vishouse
D:3:      layout_rooms, grunt_decor_resistance, kennysheep_generic_room_6
D:4:      layout_loops_cross, nicolae_elyvilon_temple_path,
          mainiacjoe_overflow_small_starburst, enter_ossuary_1,
          ebering_dispersal_statue_hall, hangedman_decor_riveting,
          uniq_blork_the_orc
D:5:      layout_rooms, xom_butterflies
D:6:      layout_layer_cave, nicolae_kikubaaqudgha_miasma_corner,
          amethyst_overflow_temple_binary, minmay_temple_entry_ruins
D:7:      layout_loops_ring, lemuel_round_altar, hex_large, minmay_statues_item,
          chequers_hall_statues_y, kennysheep_generic_room_8

Skill      XL: |  1  2  3  4  5  6  7 |
---------------+----------------------+-----
Transmutations | 3 4 5 |  5.7
Dodging        | 2 3 4 |  4.0
Fighting       | 2 3 4 |  4.0
Unarmed Combat | 4 |  4.0
Ice Magic      | 2 |  2.4
Spellcasting   | |  2.0

Action                   |  1- 3 |  4- 6 |  7- 9 || total
-------------------------+-------+-------+-------++-------
Melee: Unarmed           |    94 |       |       ||    94
       Kick              |    25 |    27 |    17 ||    69
       Headbutt          |    11 |    16 |    10 ||    37
       Tailslap          |     8 |    32 |    13 ||    53
       Punch             |     2 |     1 |     2 ||     5
       Short sword       |    21 |   286 |   105 ||   412
 Cast: Beastly Appendage |    23 |    11 |     5 ||    39
       Wereblood         |     4 |     5 |     5 ||    14
Evoke: Piece from Xom's  |       |       |     1 ||     1
  Use: Scroll            |       |     4 |       ||     4
       Potion            |       |     3 |       ||     3
 Stab: Sleeping          |       |     1 |       ||     1
Armor: Skin              |    30 |    61 |    41 ||   132
Dodge: Dodged            |   117 |   331 |   117 ||   565
